 Dungeon Crawl Stone Soup version 0.30.1-11-g7821555f0a (webtiles) character file.

Game seed: 4777175940659497330

1871 groovy9 the Cleaver (level 8, -5/70 HPs)
             Began as a Minotaur Fighter on Jan 11, 2024.
             Was an Initiate of Makhleb.
             Killed from afar by an electric eel (9 damage)
             ... with a bolt of electricity
             ... on level 6 of the Dungeon.
             The game lasted 00:14:07 (4717 turns).

groovy9 the Cleaver (Minotaur Fighter)              Turns: 4717, Time: 00:14:08

Health: -5/70      AC: 10    Str: 22    XL:     8   Next: 90%
Magic:  7/7        EV: 10    Int:  5    God:    Makhleb [......]
Gold:   282        SH:  5    Dex: 17    Spells: 7/7 levels left

rFire   . . .        a - +0 war axe
rCold   . . .        c - +0 buckler
rNeg    . . .        d - +2 ring mail {Will+}
rPois   .            u - +1 hat
rElec   .            (no cloak)
rCorr   .            (no gloves)
SInv    .            p - +0 pair of boots
Will    +....        (no amulet)
Stlth   +            k - +6 ring of dexterity
HPRegen 0.31/turn    (no ring)
MPRegen 0.10/turn

%: no passive effects
@: no status effects
A: horns 2, retaliatory headbutt
a: Renounce Religion


You were on level 6 of the Dungeon.
You worshipped Makhleb.
Makhleb was noncommittal.
You visited 2 branches of the dungeon, and saw 7 of its levels.

You collected 282 gold pieces.

Inventory:

Hand Weapons
 a - a +0 war axe (weapon)
Armour
 c - a +0 buckler (worn)
 d - a +2 ring mail of willpower (worn)
 p - a +0 pair of boots (worn)
 u - a +1 hat (worn)
Jewellery
 k - a +6 ring of dexterity (left hand)
 n - a ring of fire
Wands
 t - a wand of flame (33)
 v - a wand of iceblast (7)
 z - a wand of polymorph (5)
Scrolls
 e - a scroll of torment {unknown}
 h - a scroll of poison {unknown}
 i - a scroll of brand weapon {unknown}
 j - 3 scrolls of vulnerability
 o - 2 scrolls of fear {unknown}
 q - a scroll of silence {unknown}
 r - 2 scrolls of teleportation {unknown}
 s - a scroll of magic mapping {unknown}
 y - a scroll of immolation {unknown}
 B - a scroll of identify
 C - a scroll of blinking {unknown}
Potions
 b - 2 potions of curing {unknown}
 f - 3 potions of invisibility
 g - 2 potions of magic
 l - 3 potions of attraction
 m - 2 potions of flight
 w - a potion of might
 x - a potion of haste {unknown}
 A - 2 potions of mutation {unknown}


   Skills:
 + Level 5.9 Fighting
 * Level 12.1 Axes
 + Level 6.2 Armour
 - Level 3.6 Shields


You had 7 spell levels left.
You didn't know any spells.
Your spell library contained the following spells:

 Spells                   Type           Power      Damage    Failure   Level
 Summon Forest            Summ/Tloc      0%         N/A       100%        5
 Eringya's Noxious Bog    Tmut/Pois      0%         N/A       100%        6
 Summon Hydra             Summ           0%         N/A       100%        7


Dungeon Overview and Level Annotations

Branches:
Dungeon (6/15)             Temple (1/1) D:6

Altars:
Ashenzari
Cheibriados
Elyvilon
Fedhas
Gozag
Hepliaklqana
Kikubaaqudgha
Makhleb
Nemelex Xobeh
Qazlal
Ru
Trog
Wu Jian
Yredelemnul
Zin
The Shining One

Shops:
D:5 =


Innate Abilities, Weirdness & Mutations

You have a pair of horns on your head.
You reflexively headbutt those who attack you in melee.


Message History

You kill the orc warrior!
Makhleb accepts your kill.
You hear a splash. x2
Your Axes skill increases to level 12!
You start resting.
HP restored.
The electric eel shoots out a bolt of lightning at you!
The bolt of electricity misses you.
The electric eel shoots out a bolt of lightning at you!
The bolt of electricity hits you.
The electric eel shoots out a bolt of lightning at you!
The bolt of electricity hits you!
There is an open door here.
The electric eel shoots out a bolt of lightning at you!
The bolt of electricity hits the plant!
The plant begins to die.
The bolt of electricity hits you!
The electric eel shoots out a bolt of lightning at you!
The bolt of electricity hits the plant!
The bolt of electricity hits you!
The electric eel shoots out a bolt of lightning at you!
The bolt of electricity hits you.
You barely miss the electric eel. Your headbutt misses the electric eel.
You slash the plant! x2; The plant begins to die.
The electric eel shoots out a bolt of lightning at you!
The bolt of electricity hits you!
* * * LOW HITPOINT WARNING * * *
Okay, then.
Okay, then.
A nearby plant withers and dies.
The electric eel shoots out a bolt of lightning at you!
The bolt of electricity hits the plant!
The bolt of electricity hits you!
* * * LOW HITPOINT WARNING * * *
The electric eel shoots out a bolt of lightning at you!
The bolt of electricity hits you.
* * * LOW HITPOINT WARNING * * *
The bolt of electricity misses you.
The bolt of electricity hits the electric eel.
The electric eel completely resists.
The electric eel shoots out a bolt of lightning at you!
The bolt of electricity hits you!
You die...

##.>.#####...# .... #..###
#.....#....#.# ##.#. #.#
...#...#..##.# .###.###
..###......).. ..#.#.. ..###
.#.#.#....###########...#.#
#.... ...#...####
###..~~~##..#.# #####
...#..#######~..####.##.#.# #
......# #..)~~##'..##.#.#.###
#
......##..#####.@...#.#.....##
# ......## #.....#.#.#.#<.####
......# #...S.#.#.#.##..))#
......#
#.....#?P.~.#~#.#.#####).
......#
#PP.~P#.(=.~#~#.#.##.....
#######
#.PP~~#≈S~≈≈#~#.#.##.....
#~?.)$##≈≈S##~#.#.##.....
#≈≈$≈≈######.##.#.##.....
###S≈≈##~)..†###.#.##.....


You could see 3 electric eels.

Vanquished Creatures
  An orc warrior (D:6)
  2 ice beasts (D:6)
  A black bear (D:5)
  3 ogres (D:5)
  2 phantoms
  A gnoll sergeant (D:6)
  5 scorpions
  2 jellies
  4 orc priests
  2 hounds
  2 sleepcaps
  3 iguanas
  6 orc wizards
  4 gnolls
  5 adders
  A shadow imp (D:6)
  2 ufetubi
  A worm (D:2)
  4 dart slugs
  15 orcs
  9 ball pythons
  3 bats
  6 endoplasms
  6 giant cockroaches
  3 goblins
  6 hobgoblins
  8 jackals (D:1)
  8 kobolds
  5 quokkas
  5 frilled lizards
  6 rats
131 creatures vanquished.

Notes
Turn   | Place    | Note
-------+----------+-------------------------------------------
     0 | D:1      | groovy9 the Minotaur Fighter began the quest for the Orb.
     0 | D:1      | Reached XP level 1. HP: 19/19 MP: 0/0
    65 | D:1      | Reached XP level 2. HP: 24/27 MP: 1/1
    97 | D:1      | Reached skill level 3 in Axes
   378 | D:1      | Reached XP level 3. HP: 32/33 MP: 2/2
   720 | D:2      | Reached skill level 4 in Axes
  1019 | D:2      | Reached XP level 4. HP: 40/40 MP: 3/3
  1059 | D:3      | Found a broken altar of Ashenzari.
  1255 | D:3      | Found a sacrificial altar of Ru.
  1418 | D:3      | Noticed a scorpion
  1423 | D:3      | Killed a scorpion
  1424 | D:3      | Reached skill level 5 in Axes
  1424 | D:3      | Reached XP level 5. HP: 47/47 MP: 4/4
  1621 | D:4      | Reached skill level 6 in Axes
  1832 | D:4      | Reached XP level 6. HP: 41/53 MP: 5/5
  2056 | D:4      | Reached skill level 7 in Axes
  2437 | D:4      | Reached skill level 5 in Armour
  2598 | D:5      | Entered Level 5 of the Dungeon
  2598 | D:5      | Found Vappukai's Jewellery Boutique.
  2645 | D:5      | Reached skill level 8 in Axes
  2645 | D:5      | Reached XP level 7. HP: 56/60 MP: 6/6
  2785 | D:5      | Reached skill level 5 in Fighting
  2794 | D:5      | Reached skill level 9 in Axes
  2899 | D:5      | Found a blossoming altar of Fedhas.
  3033 | D:5      | Reached XP level 8. HP: 54/68 MP: 7/7
  3034 | D:5      | Reached skill level 10 in Axes
  3822 | D:6      | Reached skill level 11 in Axes
  4016 | D:6      | Identified the +2 spear of Imminent Death {drain, Will+}
  4065 | D:6      | Found a staircase to the Ecumenical Temple.
  4072 | Temple   | Entered the Ecumenical Temple
  4217 | Temple   | Became a worshipper of Makhleb the Destroyer
  4616 | D:6      | Reached skill level 12 in Axes
  4717 | D:6      | Killed from afar by an electric eel

Illustrated notes

Levels and vault maps discovered:
D:1:      erik_arrival_triangle_medium, layout_rooms
D:2:      layout_rooms, chequers_serial_rivers_micro_c, minmay_tripent
D:3:      layout_basic, old_standard_altar, nicolae_ru_awakened_eye,
          minmay_misc_feat_chi
D:4:      layout_basic, hellmonk_no_cap
D:5:      layout_loops_ring, serial_shops, shop, minmay_ruined_shrine
D:6:      cheibrodos_two_vegetables, layout_basic, minmay_temple_entry_arrows
Temple:   minmay_temple_curvy_branch

Skill      XL: |  1  2  3  4  5  6  7  8 |
---------------+-------------------------+-----
Fighting       | 4 5 |  5.9
Axes           | 3 4 5 6 8 9 12 | 12.1
Armour         | 4 5 6 |  6.2
Shields        | |  3.6

Action                     |  1- 3 |  4- 6 |  7- 9 || total
---------------------------+-------+-------+-------++-------
  Melee: War axe           |   104 |    88 |   127 ||   319
         Headbutt          |    10 |     7 |    24 ||    41
    Use: Scroll            |       |     2 |     3 ||     5
         Potion            |       |     1 |       ||     1
 Armour: Scale mail        |    61 |    26 |       ||    87
         Ring mail         |       |    17 |    38 ||    55
  Dodge: Dodged            |    60 |    34 |    48 ||   142
  Block: Buckler           |    35 |    21 |    27 ||    83
